 Dungeon Crawl Stone Soup version 0.30-a0-137-gd8773701ce (webtiles) character file.

Game seed: 8899677650596445262

372 greasedhog the Trooper (level 6, -8/36 HPs)
             Began as a Gargoyle Chaos Knight on Sept 21, 2022.
             Was a Plaything of Xom.
             Killed by divine providence
             ... invoked by an orc priest
              (14 damage)
             ... on level 5 of the Dungeon.
             The game lasted 00:03:02 (2558 turns).

greasedhog the Trooper (Gargoyle Chaos Knight)      Turns: 2558, Time: 00:03:03

Health: -8/36      AC: 17    Str: 18    XL:     6   Next: 71%
Magic:  6/6        EV:  5    Int: 12    God:    Xom [....*.]
Gold:   160        SH:  3    Dex: 15    Spells: 5/5 levels left

rFire   + . .      SeeInvis .    a - +0 mace (chaos)
rCold   + . .      Faith    .    i - +0 buckler
rNeg    + . .      Spirit   .    h - +0 plate armour
rPois   ∞          Reflect  .    (helmet restricted)
rElec   +          Harm     .    j - scarf {rC+ rF+}
rCorr   .          Rampage  .    (no gloves)
Will    .....                    (no boots)
Stlth   ..........               (no amulet)
HPRegen 0.12/turn                b - +6 ring of dexterity
MPRegen 0.10/turn                (no ring)

@: no status effects
A: sickness immunity, AC +4, negative energy resistance 1, electricity
resistance, torment resistance 1, petrification resistance, beak, iridescent
scales 1, frail 1, mutation resistance 1
a: Renounce Religion


You were on level 5 of the Dungeon.
You worshipped Xom.
You were a beloved toy of Xom.
You visited 1 branch of the dungeon, and saw 5 of its levels.

You collected 160 gold pieces.

Inventory:

Hand Weapons
 a - a +0 mace of chaos (weapon)
Armour
 h - a +0 plate armour (worn)
 i - a +0 buckler (worn)
 j - a scarf of resistance (worn)
Jewellery
 b - a +6 ring of dexterity (left hand)
Wands
 k - a wand of roots (5)
Scrolls
 g - a scroll of teleportation
Potions
 d - a potion of attraction {unknown}
 e - a potion of haste
 f - 2 potions of lignification {unknown}
 l - a potion of curing {unknown}
 m - a potion of heal wounds {unknown}
 n - a potion of might {unknown}
 o - 2 potions of ambrosia {unknown}
Miscellaneous
 c - a piece from Xom's chessboard (15/15) (quivered)


   Skills:
 - Level 5.5 Fighting
 * Level 5.5 Maces & Flails
 * Level 3.3 Armour
 - Level 0.7 Dodging


You had 5 spell levels left.
You didn't know any spells.
Your spell library contained the following spells:

 Spells                   Type           Power      Damage    Failure   Level
 Freeze                   Ice            0%         1d3       100%        1
 Summon Small Mammal      Summ           0%         N/A       100%        1
 Call Canine Familiar     Summ           0%         N/A       100%        3
 Frozen Ramparts          Ice            0%         1d1       100%        3
 Summon Guardian Golem    Hex/Summ       0%         N/A       100%        3
 Hailstorm                Conj/Ice       0%         3d3       100%        4


Dungeon Overview and Level Annotations

Branches:
Dungeon (6/15)
 Temple: D:4-7

Altars:


Innate Abilities, Weirdness & Mutations

You are immune to sickness and miasma.
Your stone body is resilient. (AC +4)
You are immune to poison.
You resist negative energy. (rN+)
You are resistant to electric shocks. (rElec)
You are resistant to unholy torment.
You are immune to petrification.
You have a beak for a mouth.
You are partially covered in iridescent scales. (AC +2)
You are frail. (-10% HP)
You are somewhat resistant to further mutation.


Message History

The ufetubus barely misses you.
The ufetubus hits you but does no damage. x2
You block the ufetubus's attack.
You hit the ufetubus.
The ufetubus convulses.
You peck the ufetubus.
You kill the ufetubus!
The orc zaps a wand.
The puff of flame hits you. You resist.
You hit the orc.
The orc flickers and vanishes!
Deactivating autopickup; reactivate with Ctrl-A.
Your peck misses something.
You are now a beloved toy of Xom.
Something hits you.
You sock something!
Reactivating autopickup.
You feel a bit more experienced. Xom grants you a minor favour.
You feel better.
You closely miss the orc priest. Your peck misses the orc priest.
You block the orc priest's attack. The orc hits you but does no damage.
You hit the orc priest. You freeze the orc priest.
The orc priest is moderately wounded.
The orc priest hits you but does no damage.
The orc hits you but does no damage.
You barely miss the orc priest.
The orc priest is lightly wounded.
The orc priest invokes the aid of Beogh against you.
Beogh smites you!
* * * LOW HITPOINT WARNING * * *
The orc barely misses you. The orc hits you with a +0 flail.
* * * LOW HITPOINT WARNING * * *
The orc priest casts a cantrip, but nothing happens.
Okay, then.
You hit the orc priest.
The orc priest is moderately wounded.
The orc priest hits you but does no damage.
You block the orc's attack.
You completely miss the orc priest.
The orc priest is moderately wounded.
The orc priest calls down the wrath of Beogh upon you.
Beogh smites you!
You die...

... ####
.....##..######
..........##..##
.......#..#....#
.......#..#....#
...............#
........)...†..##
............oo..#
...........##@.##
.....$.....#####
.....o.....
........##.#
........# .#
....... .. ..#...
..


You could see an orc priest and an orc.

Vanquished Creatures
  A water moccasin (D:5)
  A phantom (D:5)
  A scorpion (D:5)
  A howler monkey (D:5)
  A gnoll (D:1)
  2 adders
  An ufetubus (D:5)
  2 dart slugs
  2 orcs (D:5)
  6 endoplasms
  2 giant cockroaches (D:1)
  3 goblins
  8 hobgoblins
  3 jackals (D:1)
  A quokka (D:3)
  2 ball pythons
  5 bats
  9 frilled lizards
  2 kobolds (D:1)
  9 rats
62 creatures vanquished.

Notes
Turn   | Place    | Note
-------+----------+-------------------------------------------
     0 | D:1      | greasedhog the Gargoyle Chaos Knight began the quest for
                  | the Orb.
     0 | D:1      | Reached XP level 1. HP: 14/14 MP: 1/1
    30 | D:1      | XOM: divination: detect items
    51 | D:1      | Reached XP level 2. HP: 5/19 MP: 2/2
   228 | D:1      | XOM: silly message
   341 | D:1      | XOM: 1-stop teleportation journey
   510 | D:1      | XOM: divination: detect items
   622 | D:1      | Reached XP level 3. HP: 19/24 MP: 3/3
  1381 | D:2      | XOM: god gift: grey potion {god gift}
  1390 | D:2      | Gained mutation: You have a beak for a mouth. [potion of
                  | mutation]
  1390 | D:2      | Gained mutation: You are partially covered in iridescent
                  | scales. (AC +2) [potion of mutation]
  1390 | D:2      | Gained mutation: You are frail. (-10% HP) [potion of
                  | mutation]
  1390 | D:2      | Gained mutation: You are somewhat resistant to further
                  | mutation. [potion of mutation]
  1450 | D:2      | Reached XP level 4. HP: 27/27 MP: 4/4
  1989 | D:2      | XOM: god gift: broad axe {god gift}
  2268 | D:3      | XOM: scenery: 1 doors open
  2291 | D:3      | You fall into a shaft and drop 3 floors!
  2301 | D:5      | Entered Level 5 of the Dungeon
  2302 | D:5      | Noticed a water moccasin
  2307 | D:5      | Reached XP level 5. HP: 30/30 MP: 5/5
  2307 | D:5      | Noticed a phantom
  2318 | D:5      | Killed a water moccasin
  2319 | D:5      | Reached skill level 5 in Fighting
  2319 | D:5      | Reached skill level 5 in Maces & Flails
  2319 | D:5      | Reached XP level 6. HP: 20/36 MP: 6/6
  2509 | D:5      | XOM: 6-stop teleportation journey
  2512 | D:5      | XOM: confuse monster(s)
  2553 | D:5      | XOM: potion effect (curing)
  2558 | D:5      | Killed from afar by an orc priest

Illustrated notes

Levels and vault maps discovered:
D:1:      dpeg_arrival_boxorama, layout_loops_ring, amethyst_killhole
D:2:      layout_basic
D:3:      layout_basic, shapermc_ecumenical_altar_acropolis
D:5:      layout_cave_pools, minmay_fountain_box, minivault_1,
          serial_bayou_pond_b, lemuel_flame_loot_1, uniq_menkaure,
          uniq_blork_the_orc
D:6:      layout_basic, minmay_temple_entry_proselytizer, hangedman_decor_push

Skill      XL: |  1  2  3  4  5  6 |
---------------+-------------------+-----
Fighting       | 4 5 |  5.5
Maces & Flails | 4 5 |  5.5
Armour         | 3 |  3.3
Dodging        | |  0.7

Action                   |  1- 3 |  4- 6 || total
-------------------------+-------+-------++-------
Melee: Mace              |   108 |    79 ||   187
       Peck              |       |    11 ||    11
  Use: Scroll            |     3 |       ||     3
       Potion            |     1 |     1 ||     2
 Stab: Confused          |       |     1 ||     1
Armor: Leather armour    |    32 |       ||    32
       Plate armour      |    41 |    53 ||    94
Dodge: Dodged            |    71 |    19 ||    90
Block: Buckler           |     4 |    11 ||    15

Table legend: (Time is in decaauts)
 A = Elapsed time spent in this place.
 B = Non-inter-level travel time spent in this place.
 C = Inter-level travel time spent in this place.
 D = Time resting spent in this place.
 E = Time spent auto-exploring this place.
 F = Levels seen in this place.
 G = Mean time per level.
                   A        B        C        D        E       F      G
               +--------+--------+--------+--------+--------+-----+--------+
         Total |   2583 |   2521 |     62 |    196 |   1848 |   5 |  516.6 |
       Dungeon |   2583 |   2521 |     62 |    196 |   1848 |   5 |  516.6 |
               +--------+--------+--------+--------+--------+-----+--------+

Top non-repeatable levels by time:
     D:1: 1400 daAuts
     D:2: 718 daAuts
     D:5: 248 daAuts
     D:3: 206 daAuts
     D:6: 9 daAuts
